 Dungeon Crawl Stone Soup version 0.32-a0-931-g5a2cda0630 (webtiles) character file.

Game seed: 16934079992620459417

1444 croobank the Sneak (level 8, -1/54 HPs)
             Began as an Octopode Summoner on Apr 13, 2024.
             Was a Follower of Kikubaaqudgha.
             Killed by divine providence
             ... invoked by an orc priest
              (12 damage)
             ... on level 6 of the Dungeon.
             The game lasted 00:27:43 (4944 turns).

croobank the Sneak (Octopode Summoner)              Turns: 4944, Time: 00:27:43

Health: -1/54      AC:  1    Str: 17    XL:     8   Next: 74%
Magic:  5/13       EV: 18    Int: 19    God:    Kikubaaqudgha [*.....]
Gold:   325        SH:  0    Dex: 13    Spells: 4/14 levels left

rFire   . . .        r - +9 quarterstaff "Exzuabo" {pain, rElec rPois rCorr Str+4}
rCold   . . .        (shield currently unavailable)
rNeg    . . .        (helmet currently unavailable)
rPois   +            (no amulet)
rElec   +            c - +6 ring of strength
rCorr   +            k - +5 ring of evasion
SInv    .            A - ring of willpower
Will    +....        (no ring)
Stlth   ++++         (no ring)
HPRegen 0.29/turn    (no ring)
MPRegen 0.13/turn    (no ring)
                     (no ring)

%: no passive effects
@: beast-form, on berserk cooldown, unable to call your familiar, slowed,
studying 2 skills, very slow
A: beast (slay +1), almost no armour, amphibious, 8 rings, camouflage 1,
gelatinous body 1, (nimble swimmer 1), tentacles
a: Begin Untransformation, Renounce Religion, Unearth Wretches


You were on level 6 of the Dungeon.
You worshipped Kikubaaqudgha.
Kikubaaqudgha was aware of your devotion.
You were a hulking beast.
You visited 2 branches of the dungeon, and saw 7 of its levels.

You collected 325 gold pieces.

Inventory:

Hand Weapons
 a - a +1 whip of electrocution
 i - a +0 short sword
 j - a +0 dagger
 p - the +1 long sword of Gehenna {protect, rPois rC- rN+++ Will-}
   (You found it on level 2 of the Dungeon)

   rC-:       It makes you vulnerable to cold.
   rPois:     It protects you from poison.
   rN+++:     It renders you almost immune to negative energy.
   Will-:     It decreases your willpower.
 q - the +7 hand axe "Orb Guardian's Regret" {heavy, +Blink rElec Will++ Dex-4 Stlth+}
   (You found it on level 2 of the Dungeon)

   Dex-4:     It affects your dexterity (-4).
   rElec:     It insulates you from electricity.
   Will++:    It greatly increases your willpower.
   +Blink:    It lets you blink.
   Stlth+:    It makes you more stealthy.
 r - the +9 quarterstaff "Exzuabo" (weapon) {pain, rElec rPois rCorr Str+4}
   (You found it on level 2 of the Dungeon)

   Str+4:     It affects your strength (+4).
   rElec:     It insulates you from electricity.
   rPois:     It protects you from poison.
   rCorr:     It protects you from acid and corrosion.
Missiles
 w - 10 poisoned darts
Armour
 C - a +1 buckler
Jewellery
 c - a +6 ring of strength (left tentacle)
 h - a ring of ice
 k - a +5 ring of evasion (right tentacle)
 A - a ring of willpower (on tentacle)
Talismans
 o - a beast talisman (active)
Scrolls
 m - a scroll of fog {unknown}
 s - a scroll of amnesia
 y - a scroll of teleportation {unknown}
 D - a scroll of immolation {unknown}
Potions
 b - 3 potions of curing
 d - 3 potions of lignification
 f - 4 potions of enlightenment
 t - a potion of attraction
 u - a potion of mutation {unknown}
 x - a potion of cancellation {unknown}
 z - a potion of might {unknown}
 B - a potion of haste {unknown}


   Skills:
 + Level 4.2 Fighting
 * Level 4.3 Axes
 + Level 4.0 Dodging
 + Level 5.6 Stealth
 + Level 1.1 Shields
 + Level 3.6 Spellcasting
 + Level 3.1 Hexes
 + Level 5.3 Summonings
 + Level 2.7 Shapeshifting


You had 4 spell levels left.
You knew the following spells:

 Your Spells              Type           Power      Damage    Failure   Level
a - Summon Small Mammal   Summ           92%        N/A       1%          1
b - Call Imp              Summ           46%        N/A       2%          2
c - Call Canine Familiar  Summ           23%        N/A       4%          3
d - Summon Blazeheart Go  Fire/Summ      13%        N/A       43%         4

Your spell library contained the following spells:

 Spells                   Type           Power      Damage    Failure   Level
 Cigotuvi's Dreadful Rot  Necr/Alch/Air  6%         N/A       22%         2
 Sublimation of Blood     Necr           3%         N/A       22%         2
 Fugue of the Fallen      Necr           3%         N/A       41%         3
 Vampiric Draining        Necr           3%         2d6       41%         3
 Volatile Blastmotes      Fire/Tloc      6%         2d10      41%         3
 Summon Lightning Spire   Summ/Air       13%        N/A       43%         4
 Fulminant Prism          Conj/Alch      1%         3d5       82%         4
 Iskenderun's Mystic Bla Conj/Tloc 3%             2d3        (+2d1     82%         4


Dungeon Overview and Level Annotations

Branches:
Dungeon (6/15)             Temple (1/1) D:5

Altars:
Ashenzari
Dithmenos
Elyvilon
Fedhas
Gozag
Hepliaklqana
Kikubaaqudgha
Nemelex Xobeh
Ru
Sif Muna
Uskayaw
Vehumet


Innate Abilities, Weirdness & Mutations

You are a hulking beast.
Your limbs bulge with bestial killing power. (Slay +1)
You cannot wear most types of armour.
You are amphibious.
You can wear up to eight rings at the same time.
Your skin changes colour to match your surroundings (Stealth+).
Your rubbery body absorbs attacks. (AC +1, EV +1)
((You are camouflaged when in or above water. (Stealth+)))
You have tentacles for arms and can constrict up to eight enemies at once.


Message History

Kikubaaqudgha accepts your kill.
Your blazeheart golem falls apart, revealing its core!
Your inugami hits the wight but does no damage.
Your Shields skill increases to level 1!
Your Hexes skill increases to level 3!
The orc priest closely misses your inugami.
The wight completely misses you.
Your blazeheart core explodes!
The tree burns like a torch!
The fiery explosion engulfs your inugami!!
You kill your inugami!
Your inugami disappears in a puff of smoke!
The fiery explosion engulfs the kobold!!!
You kill the kobold!
Kikubaaqudgha accepts your kill.
The fiery explosion engulfs the wight!!
You destroy the wight!
Kikubaaqudgha accepts your kill.
The kobold throws a stone.
The stone completely misses you. The wight misses you.
The forest fire spreads!
Your Dodging skill increases to level 4!
You feel a strong urge to attack something.
The wight hits you from afar with a +1 trident.
* * * LOW HITPOINT WARNING * * *
You feel your anger nearly subside.
You are no longer berserk.
You are exhausted.
You feel yourself slow down.
The kobold is engulfed in blazing flames.
You kill the kobold!
Kikubaaqudgha accepts your kill.
As you read the scroll of identify, it crumbles to dust.
t - a potion of attraction The kobold throws a stone.
The stone closely misses you.
The kobold throws a stone.
The stone barely misses you.
Okay, then.
The wight barely misses you.
The orc priest calls down the wrath of Beogh upon you.
Beogh smites you!
You die...
Kikubaaqudgha rasps: You have failed me!
Welcome... death!

.. #...# ########
+....######......####### ..
##.........#............. ..#
..........#.......##.####.###
## #...K....#.................#
...#...§§§§...................
......K§§§...§≈≈≈.._..≈§≈≈..♣♣♣
....#))○§o§zz.h................
.......K))...........[).......>
###...#...####h#.#...##<...###
#........z................##
..#................#..#####
#..##............##...#
...#.#..........#.#...
....#.##......##.#...# ...#
.#....#. #...


You could see a black bear, 2 wights, an orc priest and 2 kobolds.

Vanquished Creatures
  Pikel (D:5)
  3 nameless horrors
  An ice beast (D:5)
  An orc warrior (D:6)
  2 lemures (D:5)
  2 scorpions
  3 wights (D:6)
  3 hounds
  2 gnolls (D:5)
  4 adders
  A white imp (D:5)
  A ribbon worm (D:2)
  10 orcs
  4 bats
  7 endoplasms
  2 giant cockroaches
  4 goblins
  4 hobgoblins
  7 jackals (D:3)
  7 kobolds
  2 quokkas
  4 ball pythons
  A frilled lizard (D:2)
  3 rats
79 creatures vanquished.

Vanquished Creatures (collateral kills)
  Menkaure (D:5)
  A water moccasin (D:5)
  An ogre (D:5)
  A phantom (D:5)
  A kobold brigand (D:6)
  A jelly (D:4)
  Crazy Yiuf (D:5)
  A hound (D:5)
  A gnoll (D:5)
  3 adders
  7 orcs
  2 endoplasms (D:1)
  3 goblins (D:1)
  A hobgoblin (D:1)
  A jackal (D:3)
  A quokka (D:5)
  A ball python (D:4)
  3 bats
  A frilled lizard (D:1)
  4 kobolds
  A rat (D:1)
37 creatures vanquished.

Vanquished Creatures (others)
  A human (D:4)
  A frilled lizard (D:1)
  4 blazeheart cores
6 creatures vanquished.

Grand Total: 122 creatures vanquished

Notes
Turn   | Place    | Note
-------+----------+-------------------------------------------
     0 | D:1      | croobank the Octopode Summoner began the quest for the Orb.
     0 | D:1      | Reached XP level 1. HP: 11/11 MP: 3/3
   155 | D:1      | Reached XP level 2. HP: 13/17 MP: 1/5
   363 | D:1      | Learned a level 2 spell: Call Imp
   808 | D:1      | Reached XP level 3. HP: 21/21 MP: 3/6
   812 | D:1      | Learned a level 3 spell: Call Canine Familiar
   873 | D:2      | Found a faded altar of an unknown god.
   882 | D:2      | Identified the +1 long sword of Gehenna {protect, rPois rC-
                  | rN+++ Will-}
   897 | D:2      | Identified the +7 hand axe "Orb Guardian's Regret" {heavy,
                  | +Blink rElec Will++ Dex-4 Stlth+}
   996 | D:2      | Identified the +9 quarterstaff "Exzuabo" {pain, rElec rPois
                  | rCorr Str+4}
  1719 | D:3      | Reached skill level 1 in Fighting
  1731 | D:3      | Reached XP level 4. HP: 20/28 MP: 7/7
  1847 | D:3      | Reached skill level 1 in Axes
  2077 | D:3      | Found a faded altar of an unknown god.
  2081 | D:3      | Found a shadowy altar of Dithmenos.
  2399 | D:4      | Found an ancient bone altar of Kikubaaqudgha.
  2399 | D:4      | Noticed a human
  2404 | D:4      | Became a worshipper of Kikubaaqudgha
  2404 | D:4      | Killed a human
  2512 | D:4      | Reached skill level 1 in Shapeshifting
  2512 | D:4      | Reached XP level 5. HP: 34/34 MP: 0/8
  2594 | D:4      | Found a sparkling altar of Nemelex Xobeh.
  2784 | D:4      | Reached XP level 6. HP: 39/39 MP: 4/9
  3262 | D:5      | Entered Level 5 of the Dungeon
  3262 | D:5      | Noticed a water moccasin
  3274 | D:5      | Killed a water moccasin
  3320 | D:5      | Found a staircase to the Ecumenical Temple.
  3330 | Temple   | Entered the Ecumenical Temple
  3475 | D:5      | Noticed an ice beast
  3493 | D:5      | Learned a level 4 spell: Summon Blazeheart Golem
  3507 | D:5      | Identified 2 scrolls of acquirement
  3507 | D:5      | Acquired a manual of Hexes
  3539 | D:5      | Killed an ice beast
  3540 | D:5      | Reached XP level 7. HP: 18/46 MP: 6/11
  3670 | D:5      | Reached * piety under Kikubaaqudgha
  3670 | D:5      | Received a gift from Kikubaaqudgha
  3689 | D:5      | Reached skill level 1 in Hexes
  3781 | D:5      | Reached skill level 5 in Summonings
  3843 | D:5      | Found a broken altar of Ashenzari.
  3857 | D:5      | Noticed Pikel
  3857 | D:5      | Noticed Menkaure
  3858 | D:5      | Noticed a nameless horror
  3862 | D:5      | Killed a nameless horror
  3870 | D:5      | Acquired a manual of Ice Magic
  3892 | D:5      | Killed Menkaure
  3893 | D:5      | Reached skill level 5 in Stealth
  3893 | D:5      | Reached XP level 8. HP: 28/54 MP: 0/12
  3929 | D:5      | Killed Pikel
  4362 | D:5      | Found a runed translucent door.
  4363 | D:5      | Noticed Crazy Yiuf
  4371 | D:5      | Killed Crazy Yiuf
  4544 | D:6      | Found a sacrificial altar of Ru.
  4545 | D:6      | Noticed a nameless horror
  4550 | D:5      | Noticed a nameless horror
  4563 | D:4      | Killed a nameless horror
  4570 | D:4      | Killed a nameless horror
  4939 | D:6      | Reached skill level 1 in Shields
  4944 | D:6      | Killed from afar by an orc priest

Illustrated notes

Levels and vault maps discovered:
D:1:      wander_arrival_peaceful_grave, layout_rooms, hangedman_decor_riveting,
          corner_web_ring, kennysheep_pointless_box, minmay_pentomino_v2
D:2:      wander_river, layout_basic, ebering_ecumenical_altar_petrified,
          kennysheep_crisscross
D:3:      layout_basic, nicolae_overflow_ecumenical_swirl, hex_large
D:4:      layout_basic, lemuel_crystal_altar, tgw_kikubaaqudgha
D:5:      wad_woods_pond, layout_cave_pools, evilmike_ruin_ashenzari,
          uniq_pikel, uniq_crazy_yiuf_cottage, uniq_menkaure
D:6:      layout_basic, nicolae_overflow_crystal_walls,
          mainiacjoe_overflow_boulevard, okawaru_metal_pillars_1_2,
          minmay_misc_feat_secret_circle, grunt_ministairs_2, uniq_blork_the_orc
Temple:   nicolae_temple_great_sept

Skill      XL: |  1  2  3  4  5  6  7  8 |
---------------+-------------------------+-----
Stealth        | 3 4 5 |  5.6
Fighting       | 1 2 3 4 |  4.2
Axes           | 1 2 3 4 |  4.3
Shapeshifting  | 1 2 |  2.7
Dodging        | 3 4 |  4.0
Spellcasting   | 3 |  3.6
Hexes          | 2 3 |  3.1
Summonings     | 5 |  5.3
Shields        | 1 |  1.1

Action                     |  1- 3 |  4- 6 |  7- 9 || total
---------------------------+-------+-------+-------++-------
  Melee: Unarmed           |     7 |       |       ||     7
         Tentacles         |     8 |     8 |     5 ||    21
         Dagger            |    14 |       |       ||    14
         Constrict         |     7 |    11 |     7 ||    25
         Short sword       |     2 |       |       ||     2
         Quarterstaff      |    29 |    45 |    40 ||   114
         Hand axe          |     2 |       |       ||     2
   Cast: Summon Small Mamm |    18 |    16 |     7 ||    41
         Call Imp          |     7 |    11 |     5 ||    23
         Call Canine Famil |       |     9 |     6 ||    15
         Summon Blazeheart |       |       |     6 ||     6
  Evoke: Wand              |       |     1 |       ||     1
    Use: Scroll            |       |     1 |     7 ||     8
         Potion            |       |     1 |     4 ||     5
   Stab: Sleeping          |    13 |     8 |       ||    21
 Armour: Skin              |    19 |    22 |    44 ||    85
  Dodge: Dodged            |    36 |    51 |    57 ||   144
   Form: Beast             |     1 |       |       ||     1

Table legend: (Time is in decaauts)
 A = Elapsed time spent in this place.
 B = Non-inter-level travel time spent in this place.
 C = Inter-level travel time spent in this place.
 D = Time resting spent in this place.
 E = Time spent auto-exploring this place.
 F = Levels seen in this place.
 G = Mean time per level.
                   A        B        C        D        E       F      G
               +--------+--------+--------+--------+--------+-----+--------+
         Total |   4977 |   4850 |    127 |    471 |   3285 |   7 |  711.0 |
       Dungeon |   4975 |   4849 |    126 |    471 |   3285 |   6 |  829.2 |
        Temple |      1 |      0 |      1 |      0 |      0 |   1 |    1.0 |
               +--------+--------+--------+--------+--------+-----+--------+

Top non-repeatable levels by time:
     D:5: 1330 daAuts
     D:4: 1195 daAuts
     D:1: 871 daAuts
     D:2: 850 daAuts
     D:3: 673 daAuts
     D:6: 54 daAuts
  Temple: 1 daAuts
